 Dungeon Crawl Stone Soup version 0.28-a0-1504-g839a4452db (webtiles) character file.

Game seed: 1557782570980648361

145 AarnesTheHuman the Shield-Bearer (level 5, -3/43 HPs)
             Began as a Formicid Fighter on Jan 13, 2022.
             Slain by an iron imp (9 damage)
             ... summoned by Natasha
             ... on level 3 of the Dungeon.
             The game lasted 00:05:27 (3000 turns).

AarnesTheHuman the Shield-Bearer (Formicid Fighter) Turns: 3000, Time: 00:05:27

Health: -3/43      AC:  7    Str: 23    XL:     5   Next: 53%
Magic:  5/5        EV:  9    Int:  7    God:
Gold:   83         SH:  4    Dex: 10    Spells: 4/4 levels left

rFire   . . .      SeeInvis +   a - +2 whip (pain)
rCold   . . .      Faith    .   c - +0 buckler
rNeg    . . .      Spirit   .   e - +0 scale mail
rPois   .          Reflect  .   (helmet unavailable)
rElec   .          Harm     .   (no cloak)
rCorr   .          Rampage  .   (no gloves)
Will    .....                   (no boots)
Stlth   ..........              (no amulet)
HPRegen 0.14/turn               (no ring)
MPRegen 0.09/turn               (no ring)

@: no status effects
A: permanent stasis, dig shafts and tunnels, antennae 3, four strong arms
a: Dig, Shaft Self


You were on level 3 of the Dungeon.
You visited 1 branch of the dungeon, and saw 3 of its levels.

You collected 83 gold pieces.

Inventory:

Hand Weapons
 a - a +2 whip of pain (weapon)
 b - a +0 dagger
 f - a +0 trident
Missiles
 j - 52 stones
 k - 3 silver javelins
 m - 3 poisoned darts (quivered)
Armour
 c - a +0 buckler (worn)
 e - a +0 scale mail (worn)
Scrolls
 g - a scroll of blinking {unknown}
 i - 3 scrolls of identify {unknown}
 n - a scroll of fear {unknown}
 o - a scroll of enchant armour {unknown}
 p - a scroll of enchant weapon {unknown}
 q - a scroll of teleportation {unknown}
Potions
 d - 4 potions of might
 h - a potion of curing {unknown}
 l - a potion of heal wounds {unknown}


   Skills:
 + Level 4.4 Fighting
 + Level 1.4 Maces & Flails
 - Level 2.0 Polearms
 + Level 4.3 Armour
 + Level 4.8 Shields


You had 4 spell levels left.
You didn't know any spells.
Your spell library was empty.

Dungeon Overview and Level Annotations

Branches:
Dungeon (3/15)

Altars:

Annotations:
D:3 Natasha


Innate Abilities, Weirdness & Mutations

You cannot be hasted, slowed, berserked, paralysed or teleported.
You can dig through walls and to a lower floor.
You have a pair of large antennae on your head. (SInv)
Your four strong arms can wield two-handed weapons with a shield.


Message History

You closely miss Natasha.
Natasha is lightly wounded.
Natasha claws you. Natasha claws you but does no damage.
You hit Natasha.
Natasha is heavily wounded.
The iron imp hits you but does no damage.
Natasha barely misses you.
You barely miss Natasha.
Natasha is heavily wounded.
You block the iron imp's attack. Natasha claws you but does no damage.
You closely miss Natasha.
Natasha is heavily wounded.
The iron imp hits you! Natasha barely misses you.
You barely miss Natasha.
Natasha is heavily wounded.
Natasha claws you. The iron imp closely misses you.
You barely miss Natasha.
Natasha is heavily wounded.
Natasha claws you! The iron imp barely misses you.
You closely miss Natasha.
Natasha is heavily wounded.
Natasha claws you but does no damage.
You hit Natasha.
Natasha is almost dead.
The iron imp hits you but does no damage.
Natasha barely misses you.
You closely miss Natasha.
Natasha is almost dead.
The iron imp barely misses you. Natasha claws you!
* * * LOW HITPOINT WARNING * * *
You closely miss Natasha.
Natasha is almost dead.
Natasha casts a spell at you. The magic dart hits you.
* * * LOW HITPOINT WARNING * * *
The iron imp closely misses you.
You hit Natasha but do no damage.
Natasha is almost dead.
Natasha claws you but does no damage. The iron imp hits you!
You die...

... ... ######.....
#5@h...##.#
#.####.##.#####+###
#.# #.........#
#.### #.........#
#.#.. #.........#
#.#.# #.........#
#.#.#####'#####....
#.#.##.....# #....
#.#.##.....# #....


You could see an iron imp (summoned) and Natasha.

Vanquished Creatures
  Natasha (D:3)
  4 gnolls (D:2)
  3 dart slugs
  8 orcs
  6 endoplasms
  10 goblins
  5 hobgoblins
  6 kobolds
  A quokka (D:1)
  4 ball pythons
  8 bats (D:1)
  2 frilled lizards (D:1)
  8 rats
66 creatures vanquished.

Notes
Turn   | Place    | Note
-------+----------+-------------------------------------------
     0 | D:1      | AarnesTheHuman the Formicid Fighter began the quest for the
                  | Orb.
     0 | D:1      | Reached XP level 1. HP: 18/18 MP: 1/1
    66 | D:1      | Reached XP level 2. HP: 17/24 MP: 2/2
   562 | D:1      | Reached XP level 3. HP: 30/30 MP: 3/3
  1169 | D:2      | Reached XP level 4. HP: 37/37 MP: 4/4
  1729 | D:2      | HP: 1/37 [gnoll (8)]
  2047 | D:2      | Reached skill level 1 in Maces & Flails
  2181 | D:2      | Reached XP level 5. HP: 10/42 MP: 5/5
  2660 | D:3      | Noticed Natasha
  2686 | D:3      | Killed Natasha
  2986 | D:3      | Noticed Natasha
  3000 | D:3      | Slain by an iron imp

Illustrated notes

Levels and vault maps discovered:
D:1:      dpeg_arrival_round_c, layout_rooms
D:2:      layout_rooms
D:3:      minmay_evil_eye, layout_basic, serial_curves, eino_curves_04,
          eino_curves_04, eino_curves_02, eino_curves_01,
          nicolae_elevator_lobby_plus, uniq_natasha

Skill      XL: |  1  2  3  4 |
---------------+-------------+-----
Shields        | 4 |  4.8
Fighting       | 4 |  4.4
Armour         | 4 |  4.3
Maces & Flails | 1 |  1.4
Polearms       | |  2.0

Action                   |  1- 3 |  4- 6 || total
-------------------------+-------+-------++-------
Melee: Trident           |    19 |       ||    19
       Dagger            |    42 |       ||    42
       Whip              |    60 |   109 ||   169
Throw: Dart              |       |     7 ||     7
       Javelin           |       |     2 ||     2
Armor: Scale mail        |   107 |    38 ||   145
Dodge: Dodged            |   105 |    49 ||   154
Block: Buckler           |    34 |    17 ||    51

Table legend: (Time is in decaauts)
 A = Elapsed time spent in this place.
 B = Non-inter-level travel time spent in this place.
 C = Inter-level travel time spent in this place.
 D = Time resting spent in this place.
 E = Time spent auto-exploring this place.
 F = Levels seen in this place.
 G = Mean time per level.
                   A        B        C        D        E       F      G
               +--------+--------+--------+--------+--------+-----+--------+
         Total |   3029 |   2915 |    114 |   1149 |   1151 |   3 | 1009.7 |
       Dungeon |   3029 |   2915 |    114 |   1149 |   1151 |   3 | 1009.7 |
               +--------+--------+--------+--------+--------+-----+--------+

Top non-repeatable levels by time:
     D:1: 1613 daAuts
     D:2: 915 daAuts
     D:3: 500 daAuts
